 Dungeon Crawl Stone Soup version 0.30-a0-393-g54b8e3be05 (webtiles) character file.

Game seed: 14424544384919263535

85 wvc the Firebug (level 4, 0/24 HPs)
             Began as a Deep Elf Fire Elementalist on Dec 1, 2022.
             Hit by a stone thrown by a kobold (2 damage)
             ... on level 4 of the Dungeon on Dec 5, 2022.
             The game lasted 00:05:37 (1977 turns).

wvc the Firebug (Deep Elf Fire Elementalist)        Turns: 1977, Time: 00:05:39

Health: 0/24       AC:  2    Str:  5    XL:     4   Next: 25%
Magic:  6/11       EV: 12    Int: 22    God:
Gold:   148        SH:  0    Dex: 15    Spells: 9/10 levels left

rFire   . . .      SeeInvis .    i - +2 dagger (venom)
rCold   . . .      Faith    .    (no shield)
rNeg    . . .      Spirit   .    a - +0 robe
rPois   .          Reflect  .    (no helmet)
rElec   .          Harm     .    (no cloak)
rCorr   .          Rampage  .    (no gloves)
Will    .....                    (no boots)
Stlth   ++........               (no amulet)
HPRegen 0.24/turn                (no ring)
MPRegen 0.12/turn                (no ring)

@: attractive
A: no striking features
a: no special abilities


You were on level 4 of the Dungeon.
You visited 1 branch of the dungeon, and saw 4 of its levels.

You collected 148 gold pieces.

Inventory:

Hand Weapons
 d - a +1 dagger of venom
 i - a +2 dagger of venom (weapon)
 o - a +3 dagger
Missiles
 t - 6 javelins
Armour
 a - a +0 robe (worn)
Magical Staves
 h - a staff of air
Scrolls
 e - a scroll of noise {unknown}
 f - 2 scrolls of magic mapping {unknown}
 g - 5 scrolls of identify {unknown}
 j - a scroll of poison {unknown}
 k - a scroll of fear {unknown}
 q - 2 scrolls of butterflies {unknown}
 r - a scroll of blinking {unknown}
 s - a scroll of enchant weapon {unknown}
 u - a scroll of silence {unknown}
Potions
 b - a potion of magic
 c - a potion of attraction
 l - a potion of lignification {unknown}
 m - a potion of degeneration {unknown}
 n - a potion of mutation {unknown}
 p - a potion of brilliance {unknown}


   Skills:
 - Level 2.4 Dodging
 - Level 2.4 Stealth
 + Level 3.8 Spellcasting
 * Level 2.3 Conjurations
 * Level 4.8 Fire Magic


You had 9 spell levels left.
You knew the following spells:

 Your Spells              Type           Power      Damage    Failure   Level
a - Foxfire               Conj/Fire      76%        2x1d7     2%          1

Your spell library contained the following spells:

 Spells                   Type           Power      Damage    Failure   Level
 Scorch                   Fire           50%        2d8       2%          2
 Inner Flame              Hex/Fire       14%        N/A       13%         3
 Kindle Blastsparks       Fire/Tloc/Air  22%        2d11      19%         3
 Flame Wave               Conj/Fire      19%        2d7       26%         4
 Call Canine Familiar     Summ           4%         N/A       34%         3
 Portal Projectile        Hex/Tloc       8%         N/A       34%         3
 Leda's Liquefaction      Hex/Erth       2%         N/A       75%         4


Dungeon Overview and Level Annotations

Branches:
Dungeon (4/15)
 Temple: D:4-7

Altars:
Gozag
Qazlal
Xom


Message History

Press: ? - help, Q - select action, (/) - cycle Dir - look around, f - activate You conjure some foxfire!
The kobold throws a stone.
The stone closely misses you.
You hear some strange, mumbled words.
A magic dart appears from out of thin air!
The magic dart hits you!
The foxfire hits the orc.
The orc is heavily wounded.
The foxfire hits something but does no damage.
The kobold throws a stone.
The stone barely misses you. Something hits you but does no damage.
The kobold throws a stone.
The stone hits you.
* * * LOW HITPOINT WARNING * * *
The kobold throws a stone.
The stone hits you but does no damage.
You closely miss something. Something hits you.
* * * LOW HITPOINT WARNING * * *
The orc wizard gestures wildly while chanting.
The orc wizard flickers and vanishes!
You hit something but do no damage. Something hits you.
* * * LOW HITPOINT WARNING * * *
You closely miss something. Something hits you.
* * * LOW HITPOINT WARNING * * *
You closely miss something.
You hear some strange, mumbled words.
Something tries to affect you, but you resist.
It was a potion of attraction.
You feel attractive to monsters. Something completely misses you.
Casting: Foxfire (safe; 2% risk of failure)
Press: ? - help, Q - select action, (/) - cycle Dir - look around, f - activate You conjure some foxfire!
Something hits you.
* * * LOW HITPOINT WARNING * * *
Reactivating autopickup.
You feel a bit more experienced.
The foxfire hits the orc.
You kill the orc!
The foxfire hits the kobold.
The kobold is severely wounded.
The kobold throws a stone.
The stone hits you.
You die...

......#≈§~§§≈≈#...#
#..#
...##.##≈§.≈≈§###.##
#.## .)# #. ##.§.##
#..####.# #. #. ##..##
##..##..# #K# #. ###..#
##....## ...#. #...
#.....# #.#.####§#
.....#...# #..gK)§§§#
###..#...#
###.{###@#####.......#
##.###.......####....##
#o##..#.##### ##.#...
#.g.....## #.###.
#o.#.##..### #.# ##
#..#.###...# #.# #..#.#
###.######.#### #.)#.#
#............
...........#...##.####


You could see a goblin and a kobold.

Vanquished Creatures
  An orc wizard (D:4)
  2 adders (D:2)
  2 dart slugs
  5 orcs
  5 endoplasms
  2 giant cockroaches
  8 goblins
  7 hobgoblins
  2 quokkas
  8 ball pythons
  4 bats
  2 frilled lizards
  6 kobolds
  4 rats
58 creatures vanquished.

Vanquished Creatures (others)
  An ogre (D:4)
  An orc (D:4)
  A hobgoblin (D:4)
  117 foxfires
120 creatures vanquished.

Grand Total: 178 creatures vanquished

Notes
Turn   | Place    | Note
-------+----------+-------------------------------------------
     0 | D:1      | wvc the Deep Elf Fire Elementalist began the quest for the
                  | Orb.
     0 | D:1      | Reached XP level 1. HP: 10/10 MP: 6/6
   380 | D:1      | Reached XP level 2. HP: 15/15 MP: 5/8
   742 | D:2      | Reached skill level 4 in Fire Magic
  1010 | D:2      | Reached XP level 3. HP: 17/19 MP: 4/9
  1263 | D:3      | Found an opulent altar of Gozag.
  1692 | D:4      | Upgraded the game from 0.30-a0-381-g6ea064c7b4 to
                  | 0.30-a0-393-g54b8e3be05
  1696 | D:4      | Found a shimmering altar of Xom.
  1696 | D:4      | Noticed an ogre
  1700 | D:4      | Killed an ogre
  1715 | D:4      | Reached XP level 4. HP: 24/24 MP: 8/11
  1862 | D:4      | Found a stormy altar of Qazlal.
  1976 | D:4      | HP: 1/24 [something (3)]
  1977 | D:4      | Hit by a stone thrown by a kobold

Illustrated notes

Levels and vault maps discovered:
D:1:      scummos_arrival_gate, layout_basic
D:2:      layout_rooms, minmay_misc_feat_square
D:3:      layout_rooms, lemuel_crystal_altar
D:4:      layout_rooms, pdpol_wu_jian_five_deadly_venoms, xom_confusion_cloud,
          mainiacjoe_overflow_concentric_impassable

Skill      XL: |  1  2  3 |
---------------+----------+-----
Fire Magic     | 4 |  4.8
Conjurations   | 2 |  2.3
Dodging        | |  2.4
Stealth        | |  2.4
Spellcasting   | |  3.8

Action                   |  1- 3 |  4- 6 || total
-------------------------+-------+-------++-------
Melee: Dagger            |    19 |     5 ||    24
 Cast: Foxfire           |    50 |    18 ||    68
  Use: Potion            |       |     1 ||     1
 Stab: Sleeping          |     1 |       ||     1
Armor: Robe              |     4 |     2 ||     6
Dodge: Dodged            |    10 |     5 ||    15

Table legend: (Time is in decaauts)
 A = Elapsed time spent in this place.
 B = Non-inter-level travel time spent in this place.
 C = Inter-level travel time spent in this place.
 D = Time resting spent in this place.
 E = Time spent auto-exploring this place.
 F = Levels seen in this place.
 G = Mean time per level.
                   A        B        C        D        E       F      G
               +--------+--------+--------+--------+--------+-----+--------+
         Total |   1975 |   1921 |     54 |      0 |   1501 |   4 |  493.8 |
       Dungeon |   1975 |   1921 |     54 |      0 |   1501 |   4 |  493.8 |
               +--------+--------+--------+--------+--------+-----+--------+

Top non-repeatable levels by time:
     D:1: 680 daAuts
     D:3: 554 daAuts
     D:2: 454 daAuts
     D:4: 285 daAuts
